 Dungeon Crawl Stone Soup version 0.18.1-48-g4cf74bf (webtiles) character file.

641926 Joat the Slayer (level 27, -1/159 HPs)
             Began as a Vine Stalker Berserker on Aug 7, 2016.
             Was the Champion of Makhleb.
             Splashed by an acid blob's acid (2 damage)
             ... created by the Royal Jelly
             ... on level 5 of the Pits of Slime on Aug 9, 2016.
             The game lasted 16:39:37 (79118 turns).

Joat the Slayer (Vine Stalker Berserker)           Turns: 79118, Time: 16:39:39

Health: -1/159     AC: 19    Str: 16    XL:     27
Magic:  0/51       EV: 15    Int: 13    God:    Makhleb [******]
Gold:   6912       SH:  0    Dex: 35    Spells: 3 memorised, 56 levels left

rFire  + + .     SeeInvis .     a - +8 demon whip (slash)
rCold  + + .     Gourm    .     m - +7 plate armour of the Hurricane {rN+ Int+2 Dex+2}
rNeg   + + +     Faith    .     I - +5 shield
rPois  +         Spirit   +     h - +0 helmet "Xoejyvics" {rCorr MP+9}
rElec  +         Dismiss  .     F - +2 cloak
rCorr  +         Reflect  .     E - +0 pair of gloves of Trog's Fury {Dex+6}
SustAt +         Harm     .     r - +0 pair of boots "Bappeol" {rC+ rN+ Dex+4}
MR     +++..                    t - amulet of Geask {rF+ Regen+}
Stlth  ..........               x - ring "Juuholl" {rElec rPois rN+ Str-3 Int+7}
                                T - ring "Efeseg" {SustAt rF+ rC+ Stlth+}

@: confused, corroded, very slightly contaminated, repel missiles, invisible,
extremely resistant to hostile enchantments, extremely unstealthy
A: claws 1, fangs 3, blurry vision 3, deformed body, deterioration 1, dopey 2,
low mp 1, regeneration 3, screaming 1, weak 2, magic shield, antimagic bite, no
device heal 3, rot immunity, MP-powered wands
a: Minor Destruction, Lesser Servant of Makhleb, Major Destruction, Greater
Servant of Makhleb, Renounce Religion
}: 3/15 runes: decaying, silver, gossamer


You were on level 5 of the Pits of Slime.
You worshipped Makhleb.
Makhleb was exalted by your worship.
You were hungry.

You visited 12 branches of the dungeon, and saw 57 of its levels.
You also visited: Sewer and Volcano.

You collected 8655 gold pieces.
You spent 1743 gold pieces at shops.

Inventory:

Hand Weapons
 a - a +8 demon whip of slashing (weapon)
 b - a +1 morningstar of holy wrath
Armour
 h - the +0 helmet "Xoejyvics" (worn) {rCorr MP+9}
   (You found it on level 2 of the Spider Nest)

   It affects your magic capacity (+9).
   It protects you from acid and corrosion.
 m - the +7 plate armour of the Hurricane (worn) {rN+ Int+2 Dex+2}
   (You bought it in a shop on level 2 of the Orcish Mines)

   It affects your intelligence (+2).
   It affects your dexterity (+2).
   It protects you from negative energy.
 r - the +0 pair of boots "Bappeol" (worn) {rC+ rN+ Dex+4}
   (You bought it in a shop on level 2 of the Orcish Mines)

   It affects your dexterity (+4).
   It protects you from cold.
   It protects you from negative energy.
 E - the +0 pair of gloves of Trog's Fury (worn) {Dex+6}
   (You found it on level 3 of the Elven Halls)

   It affects your dexterity (+6).
 F - a +2 cloak (worn)
 I - a +5 shield (worn)
Jewellery
 g - an uncursed amulet of rage
 t - the amulet of Geask (around neck) {rF+ Regen+}
   (You found it on level 3 of the Crypt)

   [amulet of regeneration]

   It protects you from fire.
   It increases your rate of regeneration.
 x - the ring "Juuholl" (right hand) {rElec rPois rN+ Str-3 Int+7}
   (You found it on level 3 of the Crypt)

   [ring of positive energy]

   It affects your strength (-3).
   It affects your intelligence (+7).
   It insulates you from electricity.
   It protects you from poison.
   It protects you from negative energy.
 T - the ring "Efeseg" (left hand) {SustAt rF+ rC+ Stlth+}
   (You bought it in a shop on level 4 of the Vaults)

   [ring of sustain attributes]

   It sustains your strength, intelligence and dexterity.
   It protects you from fire.
   It protects you from cold.
   It makes you more stealthy.
Wands
 e - a wand of disintegration (10/24)
 O - a wand of digging (22/24)
 R - a wand of teleportation (4/9)
Scrolls
 c - 19 scrolls of identify
 d - 21 scrolls of teleportation
 i - 8 scrolls of fog
 l - 5 scrolls of fear
 p - a scroll of recharging
 v - 6 scrolls of blinking
 w - 15 scrolls of remove curse
 J - 2 scrolls of silence
 M - 10 scrolls of magic mapping
Potions
 f - 7 potions of might
 j - 10 potions of haste
 n - a potion of cure mutation
 o - 3 potions of berserk rage
 z - 10 potions of curing
 A - 2 potions of flight
 D - 3 potions of magic
 H - 2 potions of ambrosia
 L - 4 potions of invisibility
 N - 3 potions of cancellation
Books
 k - Roxanne's Guide on the Mountains
   (You took it off Roxanne on level 2 of the Spider Nest)

   Spells                             Type                      Level
   a - Sandblast                      Earth                        1
   b - Passwall                       Transmutation/Earth          2
   c - Stone Arrow                    Conjuration/Earth            3
   d - Bolt of Magma                  Conjuration/Fire/Earth       5
   e - Statue Form                    Transmutation/Earth          6
Miscellaneous
 y - a stone of tremors
 P - a fan of gales
 S - a box of beasts
Comestibles
 U - 30 fruits


   Skills:
 + Level 21.2 Fighting
 * Level 20.1 Maces & Flails
 + Level 15.2 Armour
 + Level 11.3 Dodging
 - Level 16.0 Stealth
 + Level 15.5 Shields
 * Level 18.8 Spellcasting
 + Level 9.4 Charms
 + Level 9.6 Necromancy
 + Level 9.0 Translocations
 - Level 5.9 Air Magic
 - Level 12.4 Invocations
 - Level 4.7 Evocations


You had 56 spell levels left.
You knew the following spells:

 Your Spells              Type           Power        Failure   Level  Hunger
b - Blink                 Tloc           N/A          3%          2    None
d - Repel Missiles        Chrm/Air       ####..       8%          2    None
r - Regeneration          Chrm/Necr      #####.....   6%          3    None


Dungeon Overview and Level Annotations

Branches:
Dungeon (15/15)            Temple (1/1) D:5            Lair (8/8) D:11
  Swamp (4/4) Lair:6       Spider (4/4) Lair:4        Slime (6/6) Lair:8
    Orc (2/2) D:10            Elf (3/3) Orc:2        Vaults (5/5) D:13
  Crypt (3/3) Vaults:3       Tomb (0/3) Crypt:3      Depths (5/5) D:15
    Zot (1/5) Depths:5

Altars:
Ashenzari
Cheibriados
Dithmenos
Elyvilon
Fedhas
Gozag
Kikubaaqudgha
Makhleb
Nemelex Xobeh
Okawaru
Pakellas
Qazlal
Ru
Sif Muna
Trog
Vehumet
Xom
Yredelemnul
Zin
The Shining One
Jiyva

Shops:
D:10 (   Orc:2 (*[=   Elf:1 ?   Elf:2 }   Vaults:1 }   Vaults:2 (   Vaults:4 =

Portals:
Hell: Depths:1 Depths:2 Depths:3 Depths:4 Depths:5
Abyss: Depths:4 Depths:5
Pandemonium: Depths:3 Depths:4
Ziggurat: Depths:5

Annotations:
Slime:6 Royal Jelly


Innate Abilities, Weirdness & Mutations

You have razor-sharp teeth.
You regenerate.
When hurt, damage is shared between your health and your magic reserves.
Your bite disrupts and absorbs the magic of your enemies.
Potions and wands cannot restore your health.
You are immune to rotting.
You have sharp fingernails.
Scrolls take you much longer to read.
Armour fits poorly on your strangely shaped body.
Your body sometimes deteriorates upon taking damage.
You are very dopey. (Int -4)
Your magical capacity is low (-10% MP).
You occasionally shout uncontrollably at your foes.
You are very weak. (Str -4)
You expend magic power (3 MP) to strengthen your wands.


Message History

There is a stone staircase leading down here.
Press: ? - help, v - describe, . - travel
Here: an acid blob The floor.
Drink which item? (? for menu, Esc to quit)
You have no ailments to cure.
Drink which item? (? for menu, Esc to quit)
You are confused.
You feel invigorated. The acid blob spits acid at you.
The splash of acid hits you!
The acid burns!
You resist.
* * * LOW HITPOINT WARNING * * *
The azure jelly hits you but does no damage.
The azure jelly closely misses you. The azure jelly hits you.
* * * LOW HITPOINT WARNING * * *
The azure jelly hits you but does no damage.
The acid blob hits you!!
* * * LOW HITPOINT WARNING * * *
You are splashed with acid!
The acid burns!
You resist.
You die...

############################ #
###.##.....##.#..#...#....##.##.
##...............................
#......>.........................
##.......................#......#
##.#....##.......................
#.....###..........#.............
##.#...........J.................
####.....<.....@.............#..
###............J.J.............#.
##...............................
.................................
..................>..........#..#
.................................
...#.#...........................
#.##..#........#.................
###..........^..#......##........


You could see 2 acid blobs and an azure jelly.

Vanquished Creatures
  Dissolution (Slime:3)
  An ancient lich (Vaults:4)
  Mara (Vaults:3)
  An orb of fire (Depths:5)
  Sojobo (Depths:1)
  The ghost of dearth the Slayer, a veteran MiFi of Okawaru (Vaults:4)
  The ghost of CrazyArbalest the Minotaur Arbalest, a veteran MiHu of Okawaru (Depths:3)
  Boris (Vaults:2)
  The ghost of Britaniac the Eclecticist, a veteran GrFE of Vehumet (Vaults:5)
  Frederick (Depths:3)
  Saint Roka (Vaults:2)
  A caustic shrike (Depths:4)
  A profane servitor (Crypt:3)
  the Enchantress (Depths:2)
  Nikola (Swamp:2)
  6 golden dragons
  2 bone dragons
  Arachne (Spider:3)
  Jorgrun (Spider:2)
  4 tentacled monstrosities
  Rupert (Orc:2)
  2 quicksilver dragons
  Asterion (Depths:3)
  7 titans
  3 deep elf blademasters
  9 liches
  2 deep elf master archers (Elf:3)
  19 acid blobs
  The ghost of nikopol the Impaler, an adept MiBe of Trog (Swamp:3)
  2 sphinxes
  A thorn hunter (Swamp:3)
  Roxanne (Spider:2)
  8 tengu reavers
  11 azure jellies
  7 shadow dragons
  6 storm dragons
  7 iron dragons
  13 fire giants
  2 revenants
  12 frost giants
  Louise (D:14)
  Maud (D:14)
  A draconian knight (Depths:5)
  2 deep elf sorcerers
  2 orc warlords
  17 vault wardens
  Aizul (Spider:3)
  6 deep elf elementalists
  14 ironheart preservers
  5 curse skulls
  3 ghost moths
  6 emperor scorpions
  2 draconian annihilators
  A draconian caller (Zot:1)
  19 ghouls
  A reaper (Crypt:3)
  4 salamander stormcallers
  4 spriggan defenders
  8 deep elf demonologists
  18 very ugly things
  10 vampire knights
  31 stone giants
  A white draconian (Depths:5)
  4 green draconians
  A black draconian (Depths:5)
  A yellow draconian (Zot:1)
  A mottled draconian (Depths:4)
  6 deep elf annihilators
  A purple draconian (Depths:5)
  The ghost of Joat the Cleaver, a journeyman VSWn of Makhleb (Volcano)
  13 spark wasps
  12 eidola
  13 fire dragons
  14 deep elf death magi
  2 death oozes
  40 vault guards
  A mummy priest (Crypt:3)
  16 ettins
  A merfolk impaler (Depths:5)
  3 jiangshi (Crypt:1)
  6 rakshasas
  13 entropy weavers
  18 yaktaur captains
  Fannar (Orc:1)
  8 deep elf high priests
  2 merfolk javelineers (Depths:5)
  A hell beast (Depths:1)
  19 great orbs of eyes
  A ghost crab (Swamp:2)
  19 hydras
  A juggernaut simulacrum (Depths:4)
  6 spriggan air magi
  10 centaur warriors
  2 ghost crabs (shapeshifter)
  4 alligators
  2 catoblepae
  20 ice dragons
  24 dancing weapons
  8 death knights
  An alligator (shapeshifter) (Vaults:5)
  13 ogre magi
  A queen ant (shapeshifter) (Vaults:5)
  10 tengu warriors
  10 deep troll earth magi
  7 deep troll shamans
  3 orc high priests (Orc:2)
  5 vampire magi
  A titan zombie (Crypt:3)
  2 sun demons (Depths:1)
  8 spriggan berserkers
  26 deep elf knights
  2 storm dragon zombies
  10 spriggans
  A fire crab (shapeshifter) (Depths:4)
  3 fire crabs
  An iron troll (shapeshifter) (Depths:4)
  A spectral emperor scorpion (Spider:4)
  A storm dragon skeleton (Crypt:2)
  A titan skeleton (Depths:4)
  30 skeletal warriors
  3 soul eaters
  3 iron trolls
  8 death scarabs (Spider:4)
  8 unseen horrors
  A salamander mystic (Depths:1)
  4 shadow wraiths
  An unseen horror (shapeshifter) (Depths:2)
  8 giant orange brains
  24 hell knights
  A ghost moth zombie (Crypt:3)
  22 deep trolls
  4 spriggan druids
  2 swamp dragons (shapeshifter)
  13 hill giants
  A lindwurm (Lair:7)
  An obsidian statue (Depths:1)
  2 shambling mangroves (Swamp:3)
  12 flayed ghosts
  A shadow dragon zombie (Crypt:3)
  8 necromancers
  24 phantasmal warriors
  3 harpies (Vaults:1)
  17 orc knights
  14 deep elf archers
  2 mana vipers (shapeshifter)
  10 swamp dragons
  20 ironbrand convokers
  4 spectral wolf spiders (Spider:4)
  A stone giant zombie (Crypt:2)
  3 oklob plants (Lair:1)
  An orb spider (shapeshifter) (Elf:1)
  25 ugly things
  5 orc sorcerers
  17 orb spiders
  66 deep elf magi
  7 salamanders
  3 shadow dragon skeletons
  4 wolf spider zombies
  2 hornets (shapeshifter)
  14 hornets
  7 griffons
  A frost giant zombie (Crypt:3)
  12 shining eyes
  9 large abominations
  37 wolf spiders
  6 cyclopes
  A fire giant skeleton (Crypt:2)
  2 fire giant zombies
  A spriggan zombie (Depths:4)
  3 moths of wrath
  Maurice (D:8)
  12 elephants
  6 black mambas
  An elephant (shapeshifter) (Vaults:5)
  2 dire elephant zombies
  Joseph (D:8)
  3 eyes of devastation (Slime:6)
  A spiny frog (shapeshifter) (Elf:2)
  2 centaur skeletons (D:15)
  9 vault sentinels
  2 centaur zombies
  A catoblepas zombie (Crypt:3)
  A storm dragon simulacrum (Vaults:4)
  3 orange demons (Depths:1)
  A spriggan skeleton (Depths:2)
  5 spectral redbacks
  A torpor snail (Spider:4)
  7 rime drakes
  26 spiny frogs
  2 efreet (D:13)
  3 guardian mummies (Crypt:3)
  A komodo dragon (shapeshifter) (Vaults:2)
  The ghost of Lolow the Archer, a novice HEHu of Makhleb (D:5)
  A yaktaur zombie (Vaults:4)
  14 komodo dragons
  61 yaktaurs
  2 dire elephant skeletons (Crypt:2)
  2 kobold demonologists
  14 freezing wraiths
  3 redback zombies (Spider:4)
  8 demonic crawlers
  A red devil (Depths:1)
  2 ice devils (Depths:1)
  A troll (shapeshifter) (Vaults:1)
  A golden dragon simulacrum (Depths:4)
  18 trolls
  A polar bear (shapeshifter) (Vaults:1)
  3 tengu conjurers
  2 spectral jumping spiders (Spider:4)
  A fire dragon zombie (Crypt:3)
  A jumping spider (shapeshifter) (Vaults:1)
  52 jumping spiders
  8 polar bears
  A spectral hornet (Spider:4)
  22 two-headed ogres
  3 spectral tarantellas (Spider:4)
  A two-headed ogre (shapeshifter) (Depths:4)
  14 bog bodies
  6 giant leeches
  3 ice dragon zombies
  39 blink frogs
  A sphinx simulacrum (Vaults:1)
  Prince Ribbit (D:7)
  A hydra skeleton (Crypt:2)
  122 slime creatures
  An ettin zombie (Crypt:3)
  Sigmund (D:2)
  4 boulder beetles
  8 small abominations (Depths:5)
  8 air elementals
  100 redbacks
  17 flying skulls
  2 ice dragon skeletons
  14 wraiths
  42 tarantellas
  A vampire (D:14)
  A wyvern (shapeshifter) (Vaults:2)
  5 shadows
  10 water elementals
  A hippogriff (shapeshifter) (Depths:2)
  3 humans (shapeshifter)
  5 wyverns
  3 basilisks
  68 yaks
  5 golden eyes
  12 fire elementals
  3 hungry ghosts
  A wind drake skeleton (Crypt:2)
  38 vampire mosquitoes
  9 wargs
  14 hippogriffs
  Menkaure (D:6)
  2 chaos spawn (Depths:5)
  23 swamp worms
  An elf skeleton (Depths:4)
  10 insubstantial wisps
  3 mottled dragons
  20 water moccasins
  A soldier ant (D:15)
  Duvessa (D:7)
  14 porcupines
  A human skeleton (Depths:2)
  2 sky beasts
  13 swamp drakes
  49 orc warriors
  5 ice beasts
  A sky beast (shapeshifter) (Depths:5)
  9 black bears
  2 elf zombies
  64 ogres
  6 eyes of draining
  A manticore zombie (Crypt:3)
  8 wasps
  An eye of draining (shapeshifter) (Vaults:1)
  4 phantoms
  A snapping turtle zombie (Crypt:3)
  11 boggarts
  An anubis guard skeleton (Crypt:1)
  A tengu (shapeshifter) (Vaults:2)
  20 centaurs
  19 necrophages
  13 wolves
  A snapping turtle skeleton (Crypt:2)
  15 crocodiles
  5 big kobolds
  2 earth elementals
  A giant frog (shapeshifter) (Depths:5)
  A rime drake skeleton (Crypt:1)
  Dowan (D:7)
  2 wyvern zombies
  36 giant frogs
  A warg zombie (Crypt:1)
  A scorpion (D:8)
  7 wyvern skeletons (Crypt:3)
  6 killer bees
  4 human simulacra
  A polar bear skeleton (Crypt:2)
  3 howler monkeys
  11 electric eels
  10 wights
  14 crimson imps
  A giant frog zombie (D:12)
  2 quasits (D:8)
  22 orc priests
  4 giant frog skeletons
  5 hounds
  A basilisk zombie (Crypt:2)
  A human zombie (Crypt:3)
  38 jellies
  7 iron imps
  A basilisk skeleton (Crypt:1)
  10 iguanas
  18 orc wizards
  7 worker ants
  Ijyb (D:2)
  20 sheep
  A big kobold zombie (Crypt:1)
  A crocodile zombie (Crypt:1)
  A crocodile skeleton (Crypt:1)
  A hound zombie (D:5)
  A worker ant zombie (D:8)
  A howler monkey zombie (D:7)
  Robin (D:2)
  7 gnolls
  23 adders
  82 river rats
  4 shadow imps
  3 white imps (Depths:1)
  8 oozes
  3 adder zombies
  An iguana skeleton (Crypt:1)
  4 worms
  3 dart slugs
  6 giant geckos
  99 orcs
  4 ball pythons (Sewer)
  7 bats
  9 giant cockroaches
  13 goblins
  12 hobgoblins
  2 jackals (D:8)
  24 kobolds
  A quokka (D:7)
  A giant cockroach zombie (Crypt:1)
  4 giant gecko skeletons
  A giant newt (D:3)
  A goblin zombie (Crypt:1)
  A quokka skeleton (D:4)
  9 rats
  A briar patch (Swamp:4)
  7 crawling corpses
  A fire vortex (Volcano)
  6 fungi
  2 lost souls (Crypt:3)
  5 plants
  19 withered plants (Crypt:3)
3008 creatures vanquished.

Vanquished Creatures (collateral kills)
  3 vault guards (D:13)
  A hydra (D:11)
  Nergalle (D:11)
  An orc knight (Orc:2)
  A hill giant (D:11)
  An orc sorcerer (Orc:2)
  An orb spider (Spider:2)
  A molten gargoyle (Volcano)
  A gargoyle (Volcano)
  2 two-headed ogres
  A fire elemental (Volcano)
  An orc warrior (Orc:2)
  An orc priest (D:11)
  An orc wizard (D:11)
  A giant gecko (D:11)
  2 orcs (D:11)
  2 jackals (D:11)
22 creatures vanquished.

Vanquished Creatures (others)
  2 golden dragons (Depths:3)
  A tengu reaver (Depths:4)
  A vampire knight (Depths:2)
  2 stone giants
  A deep elf annihilator (Elf:3)
  2 yaktaur captains
  2 ogre magi
  A deep elf knight (Elf:3)
  A deep elf archer (Vaults:5)
  2 yaktaurs
  A troll (shapeshifter) (Depths:2)
  A tarantella (Spider:2)
  A spriggan (Swamp:4)
  A water elemental (Depths:4)
  A swamp drake (Swamp:2)
  A wasp (Depths:2)
  A sky beast (shapeshifter) (Depths:4)
  3 ogres
  2 boggarts
  A scorpion (D:4)
  An iguana (D:4)
  An orc wizard (Vaults:1)
  A ball lightning (Depths:4)
  An orc (Vaults:2)
  A briar patch (Swamp:4)
  3 bushes (Lair:8)
  67 fungi
  4 lost souls
  26 plants
  6 withered plants (Crypt:3)
139 creatures vanquished.

Grand Total: 3169 creatures vanquished

Notes
Turn   | Place    | Note
--------------------------------------------------------------
     0 | D:1      | Joat the Vine Stalker Berserker began the quest for the Orb.
     0 | D:1      | Reached XP level 1. HP: 11/11 MP: 2/2
   189 | D:1      | Reached XP level 2. HP: 13/16 MP: 3/3
   637 | D:1      | Reached XP level 3. HP: 19/19 MP: 4/4
   692 | D:1      | 3 exits
   903 | D:2      | Noticed Sigmund
   910 | D:2      | Killed Sigmund
   910 | D:2      | Reached XP level 4. HP: 23/23 MP: 5/5
   910 | D:2      | Reached XP level 5. HP: 28/28 MP: 6/6
   978 | D:2      | Reached ** piety under Trog
  1205 | D:2      | Noticed Robin
  1215 | D:2      | Killed Robin
  1215 | D:2      | Gained mutation: You heal very quickly. [Vine Stalker growth]
  1215 | D:2      | Reached XP level 6. HP: 32/32 MP: 7/7
  1320 | D:2      | Noticed Ijyb
  1331 | D:2      | Killed Ijyb
  1531 | D:3      | Reached *** piety under Trog
  1577 | D:3      | Reached skill level 5 in Maces & Flails
  1811 | D:3      | Found a glowing drain.
  1819 | Sewer    | Entered a sewer
  1875 | Sewer    | Reached XP level 7. HP: 35/35 MP: 8/8
  2067 | Sewer    | Reached **** piety under Trog
  2385 | Sewer    | Reached skill level 3 in Fighting
  2988 | D:4      | Gained mutation: You have razor-sharp teeth. [Vine Stalker growth]
  2988 | D:4      | Reached XP level 8. HP: 40/40 MP: 9/9
  3386 | D:4      | Found a shimmering altar of Xom.
  3421 | D:4      | Reached skill level 5 in Shields
  4036 | D:5      | Entered Level 5 of the Dungeon
  4093 | D:5      | Noticed Lolow's ghost (novice HEHu)
  4121 | D:5      | Killed Lolow's ghost
  4194 | D:5      | Reached XP level 9. HP: 28/44 MP: 10/10
  4303 | D:5      | Found a staircase to the Ecumenical Temple.
  4695 | D:6      | Reached ***** piety under Trog
  5267 | D:7      | Noticed Menkaure
  5383 | D:6      | Killed Menkaure
  5536 | D:7      | Noticed Prince Ribbit
  5550 | D:7      | Received a gift from Trog
  5552 | D:7      | Killed Prince Ribbit
  5609 | D:7      | Noticed Duvessa
  5610 | D:7      | Noticed Dowan
  5616 | D:7      | Killed Duvessa
  5623 | D:7      | Killed Dowan
  6075 | D:7      | Reached XP level 10. HP: 39/49 MP: 11/11
  6300 | D:7      | Found an ancient bone altar of Kikubaaqudgha.
  6300 | D:7      | Found a shimmering altar of Xom.
  6552 | D:8      | Noticed Joseph
  6562 | D:8      | Killed Joseph
  6641 | D:8      | Noticed Maurice
  6667 | D:8      | Killed Maurice
  6993 | D:8      | Reached skill level 10 in Maces & Flails
  7237 | D:8      | Found a blossoming altar of Fedhas.
  8370 | D:9      | Received a gift from Trog
  8540 | D:9      | Reached XP level 11. HP: 53/53 MP: 12/12
  8546 | D:9      | Reached skill level 4 in Fighting
  8704 | D:10     | Entered Level 10 of the Dungeon
  8759 | D:10     | Found a shadowy altar of Dithmenos.
  8879 | D:10     | Found Sukew's Weapon Boutique.
  8923 | D:10     | Reached skill level 10 in Shields
  9301 | D:10     | Killed an unseen horror
  9337 | D:10     | Found a staircase to the Orcish Mines.
  9714 | D:11     | Killed an unseen horror
  9785 | D:11     | Found a staircase to the Lair.
  9838 | D:11     | Reached skill level 5 in Fighting
  9946 | D:11     | Noticed Nergalle
  9947 | D:11     | Noticed a hill giant
  9951 | D:11     | Killed Nergalle
  9953 | D:11     | Killed a hill giant
  9964 | D:11     | Noticed a six-headed hydra
  9967 | D:11     | Killed a six-headed hydra
 10361 | D:11     | Noticed a hill giant
 10369 | D:11     | Killed a hill giant
 10472 | Lair:1   | Entered Level 1 of the Lair of Beasts
 10501 | Lair:1   | Received a gift from Trog
 10844 | Lair:1   | Noticed an oklob plant
 10867 | Lair:1   | Noticed an oklob plant
 10887 | Lair:1   | Noticed an oklob plant
 11025 | Lair:1   | Gained mutation: You regenerate. [Vine Stalker growth]
 11025 | Lair:1   | Reached XP level 12. HP: 59/60 MP: 13/13
 11084 | Lair:1   | Reached skill level 5 in Armour
 11926 | Lair:2   | Found a dark tunnel.
 11937 | Volcano  | Entered a volcano
 11937 | Volcano  | Noticed Joat's ghost (journeyman VSWn)
 11951 | Volcano  | Killed Joat's ghost
 11951 | Volcano  | Reached skill level 6 in Fighting
 12185 | Lair:2   | You fall through a shaft for 2 floors!
 12294 | Lair:3   | Noticed a five-headed hydra
 12303 | Lair:3   | Killed a five-headed hydra
 12464 | Lair:2   | Got a vibrating amber ring
 12466 | Lair:2   | Identified the ring "Erevoefi" {SustAt rElec rPois Stlth-} (You found it on level 2 of the Lair of Beasts)
 13097 | Lair:3   | Identified a +0 rod of ignition (12/12) (You found it on level 3 of the Lair of Beasts)
 13783 | Lair:3   | Reached XP level 13. HP: 66/66 MP: 14/14
 13820 | Lair:4   | Found a hole to the Spider Nest.
 14175 | Lair:4   | Received a gift from Trog
 14697 | Lair:4   | Reached skill level 7 in Fighting
 16751 | Lair:6   | Reached skill level 5 in Dodging
 17168 | Lair:6   | Found a staircase to the Swamp.
 17845 | Lair:1   | Identified a +4 rod of inaccuracy (9/9) (You found it on level 1 of the Lair of Beasts)
 17852 | Lair:1   | Got a heavily runed wooden ring
 17854 | Lair:1   | Identified the ring of Lekutweq {rN+ Int+3 Dex+2} (You found it on level 1 of the Lair of Beasts)
 18085 | Lair:7   | Received a gift from Trog
 18241 | Lair:7   | Reached XP level 14. HP: 62/72 MP: 15/15
 18313 | Lair:7   | Reached skill level 8 in Fighting
 19053 | Lair:8   | Entered Level 8 of the Lair of Beasts
 19179 | Lair:7   | Reached skill level 1 in Spellcasting
 19814 | Lair:8   | Received a gift from Trog
 19882 | Lair:8   | Found a staircase to the Slime Pits.
 19994 | Lair:8   | Reached skill level 9 in Fighting
 20612 | Lair:8   | Received a gift from Trog
 20737 | Lair:8   | Reached XP level 15. HP: 79/79 MP: 20/20
 21890 | Orc:1    | Entered Level 1 of the Orcish Mines
 21981 | Orc:1    | Noticed Fannar
 21996 | Orc:1    | Killed Fannar
 22534 | Orc:2    | Entered Level 2 of the Orcish Mines
 22774 | Orc:2    | Found Kuschir's Jewellery Shop.
 22787 | Orc:2    | Found a staircase to the Elven Halls.
 22796 | Orc:2    | Reached skill level 10 in Armour
 22864 | Orc:2    | Found Iketh's General Store.
 23100 | Orc:2    | Noticed Rupert
 23112 | Orc:2    | Killed Rupert
 23124 | Orc:2    | Noticed an orc warlord
 23172 | Orc:2    | Killed an orc warlord
 23260 | Orc:2    | Found Xounox's Antique Weapon Boutique.
 23420 | Orc:2    | Found Zudach's Antique Armour Shoppe.
 23835 | Orc:2    | Bought a pair of distressingly furry boots for 332 gold pieces
 23845 | Orc:2    | Identified the cursed +0 pair of boots "Bappeol" {rC+ rN+ Dex+4} (You bought it in a shop on level 2 of the Orcish Mines)
 23972 | Orc:2    | Bought a scroll of identify for 22 gold pieces
 23972 | Orc:2    | Bought the +7 plate armour of the Hurricane {rN+ Int+2 Dex+2} for 853 gold pieces
 24203 | D:12     | Found a shadowy altar of Dithmenos.
 25420 | D:13     | Found a gate to the Vaults.
 25879 | D:13     | Received a gift from Trog
 26294 | D:14     | Found a glowing golden altar of the Shining One.
 26294 | D:14     | Noticed Maud
 26320 | D:14     | Killed Maud
 26375 | D:14     | Reached XP level 16. HP: 80/84 MP: 22/22
 26477 | D:14     | Noticed a shadow dragon
 26500 | D:14     | Killed a shadow dragon
 26729 | D:14     | Noticed Louise
 26739 | D:14     | Killed Louise
 26957 | D:15     | Entered Level 15 of the Dungeon
 27143 | D:15     | Found a staircase to the Depths.
 27250 | D:15     | Found a basalt altar of Yredelemnul.
 28069 | Spider:1 | Entered Level 1 of the Spider Nest
 28183 | Spider:1 | Reached skill level 10 in Fighting
 29061 | Spider:2 | Reached ****** piety under Trog
 29061 | Spider:2 | Received a gift from Trog
 29321 | Spider:2 | Noticed Roxanne
 29523 | Spider:2 | Got a bloodstained helmet
 29538 | Spider:2 | Identified the cursed +0 helmet "Xoejyvics" {rCorr MP+9} (You found it on level 2 of the Spider Nest)
 29927 | Spider:3 | Noticed Jorgrun
 29971 | Spider:2 | Killed Jorgrun
 30014 | Spider:3 | Noticed Arachne
 30099 | Spider:3 | Killed Arachne
 30257 | Spider:3 | Received a gift from Trog
 30280 | Spider:3 | Reached XP level 17. HP: 90/90 MP: 23/23
 30713 | Spider:3 | Noticed Aizul
 30729 | Spider:3 | Killed Aizul
 30801 | Spider:3 | Reached skill level 5 in Spellcasting
 30970 | Spider:3 | Reached skill level 15 in Shields
 31416 | Spider:4 | Entered Level 4 of the Spider Nest
 31969 | Spider:3 | Reached skill level 11 in Fighting
 32598 | Spider:4 | Received a gift from Trog
 32648 | Spider:4 | Reached skill level 15 in Maces & Flails
 32920 | Spider:4 | Reached XP level 18. HP: 97/97 MP: 29/29
 33040 | Spider:4 | Got a gossamer rune of Zot
 33079 | Spider:4 | Reached skill level 12 in Fighting
 33399 | Lair:4   | You fall through a shaft for 3 floors!
 34772 | Swamp:1  | Entered Level 1 of the Swamp
 35266 | Swamp:1  | Found a deep blue altar of Sif Muna.
 35942 | Swamp:2  | Noticed Nikola
 35971 | Swamp:2  | Killed Nikola
 36707 | Swamp:3  | Noticed nikopol's ghost (adept MiBe)
 36744 | Swamp:3  | Killed nikopol's ghost
 37531 | Swamp:4  | Entered Level 4 of the Swamp
 38034 | Swamp:3  | Reached skill level 13 in Fighting
 38255 | Swamp:3  | Received a gift from Trog
 38459 | Swamp:4  | Got a decaying rune of Zot
 39027 | Lair:1   | Identified a scroll of acquirement
 39169 | Elf:1    | Entered Level 1 of the Elven Halls
 39214 | Elf:1    | Reached XP level 19. HP: 101/104 MP: 30/30
 39791 | Elf:1    | Found Ytiuziyp's Magic Scroll Emporium.
 40696 | Elf:2    | Reached skill level 14 in Fighting
 40735 | Elf:2    | Found Woariof Idyrph's Gadget Shop.
 40777 | Elf:2    | Found a runed gate.
 40783 | Elf:2    | Found a runed gate.
 40784 | Elf:2    | Found a runed gate.
 41000 | Elf:2    | Received a gift from Trog
 41813 | Temple   | Entered the Ecumenical Temple
 41992 | Temple   | Fell from the grace of Trog
 41992 | Temple   | Became a worshipper of Makhleb the Destroyer
 42647 | Vaults:1 | Entered Level 1 of the Vaults
 42662 | Vaults:1 | Reached skill level 1 in Invocations
 42920 | Vaults:1 | Reached * piety under Makhleb
 44053 | Vaults:1 | Found Woociatt's Gadget Shop.
 44647 | Vaults:1 | Reached skill level 5 in Invocations
 45176 | Vaults:1 | Reached ** piety under Makhleb
 45249 | Vaults:1 | Reached XP level 20. HP: 110/112 MP: 32/32
 45455 | Vaults:1 | Reached *** piety under Makhleb
 45761 | Vaults:1 | Reached skill level 1 in Evocations
 46741 | Vaults:2 | Noticed Mara
 46745 | Vaults:2 | Noticed Joat's illusion
 47100 | Vaults:2 | Reached **** piety under Makhleb
 47356 | Vaults:2 | Noticed Saint Roka
 47360 | Vaults:2 | Reached ***** piety under Makhleb
 47504 | Vaults:2 | Reached skill level 15 in Fighting
 47958 | Vaults:2 | Found Bacruobb's Antique Weapon Emporium.
 48058 | Vaults:2 | Killed Saint Roka
 48242 | Vaults:2 | Noticed Boris
 48274 | Vaults:2 | Killed Boris
 48623 | Vaults:2 | Reached skill level 10 in Dodging
 48877 | Vaults:3 | Reached XP level 21. HP: 117/117 MP: 34/34
 48955 | Vaults:3 | Found a staircase to the Crypt.
 49044 | Vaults:3 | Noticed Joat's illusion
 49051 | Vaults:3 | Killed Mara
 49192 | Vaults:3 | uhoh
 49345 | Vaults:3 | Got a scorched shield
 49365 | Vaults:3 | Identified the +1 shield of Wonder {rC++ rN+++ MR- MP-9} (You found it on level 3 of the Vaults)
 49631 | Vaults:3 | Reached ****** piety under Makhleb
 50439 | Vaults:4 | Found Lyror's Jewellery Emporium.
 50447 | Vaults:4 | Bought the ring "Efeseg" {SustAt rF+ rC+ Stlth+} for 536 gold pieces
 50683 | Vaults:4 | Reached skill level 16 in Fighting
 50902 | Vaults:4 | give me a break
 51576 | Vaults:4 | Noticed dearth's ghost (veteran MiFi)
 51604 | Vaults:4 | Killed dearth's ghost
 52226 | D:15     | Reached skill level 10 in Invocations
 52310 | Depths:1 | Entered Level 1 of the Depths
 52318 | Depths:1 | Reached XP level 22. HP: 125/125 MP: 35/35
 52600 | Depths:1 | pets
 52948 | Depths:1 | Found a gateway to Hell.
 52972 | Depths:1 | Gained mutation: You expend magic power (3 MP) to strengthen your wands. [a neqoxec]
 53064 | Depths:1 | Noticed Sojobo
 53101 | Depths:1 | Killed Sojobo
 53101 | Depths:1 | Reached skill level 17 in Fighting
 53211 | Depths:1 | Got an ichor-stained helmet
 53223 | Depths:1 | Identified the +1 helmet "Debel" {+Fly Dex+7 Stlth-} (You found it on level 1 of the Depths)
 54249 | Depths:2 | Noticed the Enchantress
 54263 | Depths:2 | Killed the Enchantress
 54336 | Depths:2 | Got a faerie dragon armour
 54360 | Depths:2 | Identified the +4 faerie dragon armour {MR+} (You took it off the Enchantress on level 2 of the Depths)
 54760 | Depths:2 | Reached XP level 23. HP: 133/133 MP: 36/36
 54818 | Depths:2 | Reached skill level 18 in Fighting
 55956 | Depths:3 | Was forgiven by Trog
 55985 | Depths:3 | Noticed CrazyArbalest's ghost (veteran MiHu)
 56007 | Depths:3 | Killed CrazyArbalest's ghost
 56058 | Depths:3 | Found a one-way gate leading to the halls of Pandemonium.
 56396 | Depths:3 | Reached skill level 19 in Fighting
 56433 | Depths:3 | Noticed Frederick
 56444 | Depths:3 | Killed Frederick
 56782 | Depths:3 | Noticed a golden dragon
 56826 | Depths:3 | Killed a golden dragon
 56876 | Depths:3 | Reached XP level 24. HP: 131/140 MP: 36/36
 57002 | Depths:3 | Noticed Asterion
 57023 | Depths:3 | Killed Asterion
 57025 | Depths:3 | Got a warped turquoise ring
 57034 | Depths:3 | Got a scintillating ivory amulet
 57036 | Depths:3 | Identified the amulet "Vipol" {Reflect rC- rN+ Dex+4 SH+3} (You acquired it on level 3 of the Depths)
 57038 | Depths:3 | Identified the ring of the Exiled Wonders {rC+ Slay+2 Stlth+} (You took it off Asterion on level 3 of the Depths)
 57250 | Depths:3 | Learned a level 2 spell: Repel Missiles
 57366 | Depths:4 | Got a brightly glowing ruby amulet
 57431 | Depths:1 | Identified the amulet of Ugganaf {Harm *Drain rF+} (You found it on level 4 of the Depths)
 58327 | Depths:4 | Found a one-way gate to the infinite horrors of the Abyss.
 58371 | Depths:4 | Reached skill level 1 in Air Magic
 58380 | Depths:4 | Reached skill level 1 in Charms
 58466 | Depths:3 | Reached skill level 20 in Fighting
 59015 | Depths:4 | Noticed a caustic shrike
 59302 | Depths:4 | Killed a caustic shrike
 60291 | Depths:4 | Reached XP level 25. HP: 148/148 MP: 36/36
 60906 | Elf:3    | Entered Level 3 of the Elven Halls
 60999 | Elf:3    | Got a pair of distressingly furry gloves
 61010 | Elf:3    | Identified the cursed +0 pair of gloves of Trog's Fury {Dex+6} (You found it on level 3 of the Elven Halls)
 61050 | Elf:3    | Reached skill level 5 in Charms
 61196 | Elf:3    | Reached skill level 5 in Air Magic
 61374 | Elf:3    | Got an ichor-stained battleaxe {holy}
 61434 | Elf:3    | Reached skill level 21 in Fighting
 61627 | Elf:3    | Got a crude platinum ring
 61637 | Elf:3    | Identified the ring of Arrival {+Fly rPois MP+9 Str-2 Int+10} (You took it off a deep elf death mage on level 3 of the Elven Halls)
 61647 | Elf:3    | Identified the Compendium of Evil Arts and Arcane Weapons (You found it on level 3 of the Elven Halls)
 61707 | Elf:3    | Got a transparent scale mail
 61718 | Elf:3    | Identified the +1 scale mail of Autumn {Str+4} (You found it on level 3 of the Elven Halls)
 61742 | Elf:3    | Got a pair of transparent boots
 61753 | Elf:3    | Identified the +2 pair of boots "Uhynufoe" {Int+2} (You found it on level 3 of the Elven Halls)
 61771 | Elf:3    | Got a faintly glowing hunting sling
 61772 | Elf:3    | Identified the cursed +1 hunting sling of Anxiety {freeze, *Corrode rF+++ rC++ SInv} (You found it on level 3 of the Elven Halls)
 61808 | Elf:3    | Got a bloodstained leather armour
 61819 | Elf:3    | Identified the +2 leather armour of Diofid {Slay+2} (You found it on level 3 of the Elven Halls)
 61858 | Elf:3    | Got a translucent great sword {vamp}
 61867 | Elf:3    | Identified the +4 great sword of Ylyz {vamp, rN++ Str+3 Dex+4} (You took it off a deep elf death mage on level 3 of the Elven Halls)
 61897 | Elf:3    | Identified the +7 battleaxe of No Interval {holy, *Drain rElec MP+9 Int-3} (You took it off a deep elf death mage on level 3 of the Elven Halls)
 62028 | Elf:3    | Reached skill level 1 in Stealth
 62194 | Elf:3    | Reached skill level 5 in Stealth
 62584 | Lair:1   | Learned a level 3 spell: Regeneration
 63425 | Slime:1  | Entered Level 1 of the Pits of Slime
 63499 | Slime:1  | Reached skill level 10 in Stealth
 64702 | Depths:5 | Entered Level 5 of the Depths
 65177 | Depths:5 | Reached skill level 15 in Stealth
 65239 | Depths:5 | Found a gateway to a ziggurat.
 65501 | Depths:5 | Found a gate to the Realm of Zot.
 65655 | Depths:5 | Reached skill level 10 in Spellcasting
 65842 | Depths:5 | Reached skill level 1 in Necromancy
 65945 | Depths:5 | Reached XP level 26. HP: 155/155 MP: 38/38
 66365 | Vaults:5 | Entered Level 5 of the Vaults
 66696 | Vaults:5 | Noticed an ancient lich
 66718 | Vaults:4 | Killed an ancient lich
 66798 | Vaults:5 | Reached skill level 5 in Necromancy
 66831 | Vaults:5 | Noticed Britaniac's ghost (veteran GrFE)
 66849 | Vaults:5 | Killed Britaniac's ghost
 67396 | Vaults:5 | Identified the Guide on Venom and the Arsonist
 67610 | Vaults:5 | Learned a level 2 spell: Blink
 67681 | Vaults:5 | Reached skill level 1 in Translocations
 67875 | Vaults:5 | Reached XP level 27. HP: 159/159 MP: 42/42
 67996 | Vaults:5 | Got a transparent battleaxe {chop}
 68112 | Vaults:5 | Reached skill level 15 in Spellcasting
 68153 | Vaults:5 | Got a silver rune of Zot
 68155 | Vaults:5 | Got a slimy longbow
 68856 | Vaults:5 | Identified the +6 battleaxe "Xuitosag" {chop, MP+9} (You took it off a deep elf mage on level 5 of the Vaults)
 68857 | Vaults:5 | Identified the cursed +1 longbow of Vengeance {flame, rPois Dex+4} (You found it on level 5 of the Vaults)
 68868 | Vaults:5 | Identified a +1 pair of boots of running (You found it on level 5 of the Vaults)
 68923 | Vaults:5 | Got a shimmering longbow
 68924 | Vaults:5 | Identified the +0 longbow of the Asp {flame, rC+++ Str-5 Dex-4 SInv} (You found it on level 5 of the Vaults)
 68936 | Vaults:5 | Got a faintly glowing trident
 68937 | Vaults:5 | Identified the +0 trident "Mofice" {venom, rC+ rN+ Stlth+} (You found it on level 5 of the Vaults)
 69093 | Vaults:4 | Reached skill level 5 in Translocations
 69581 | Crypt:1  | Entered Level 1 of the Crypt
 70982 | Crypt:2  | Got a transparent ring mail
 71104 | Crypt:2  | Paralysed by a vampire knight for 4 turns
 71792 | Crypt:3  | Entered Level 3 of the Crypt
 71939 | Crypt:3  | Found a basalt altar of Yredelemnul.
 72358 | Crypt:3  | Got a crude copper amulet
 72358 | Crypt:3  | Got a transparent golden ring
 72358 | Crypt:3  | Got a flickering granite ring
 72376 | Crypt:3  | Got an ichor-stained spear
 73035 | Crypt:3  | Found a staircase to the Tomb.
 74088 | Crypt:3  | Got a wavering pewter ring
 74414 | Lair:1   | Identified the cursed +0 spear of Canasix {distort, rF+ rN+ Str-2 Dex+4} (You found it on level 3 of the Crypt)
 74454 | Lair:1   | Identified the +1 ring mail of Idealism {rF+ Str+2} (You found it on level 2 of the Crypt)
 74468 | Lair:1   | Identified the amulet of Geask {rF+ Regen+} (You found it on level 3 of the Crypt)
 74475 | Lair:1   | Identified the ring of Imaunk {rN+ MR+ Dex+2 Stlth-} (You found it on level 3 of the Crypt)
 74476 | Lair:1   | Identified the ring "Juuholl" {rElec rPois rN+ Str-3 Int+7} (You found it on level 3 of the Crypt)
 74478 | Lair:1   | Identified the ring "Xeame" {rF+ MR+ Str+3 Dex+5 Stlth-} (You found it on level 3 of the Crypt)
 74820 | Spider:2 | Killed Roxanne
 74822 | Spider:2 | Identified Roxanne's Guide on the Mountains (You took it off Roxanne on level 2 of the Spider Nest)
 75440 | Zot:1    | Entered Level 1 of the Realm of Zot
 75667 | Zot:1    | Noticed an orb of fire
 75667 | Zot:1    | Gained mutation: Your muscles are strong. (Str +2) [an orb of fire]
 75677 | Zot:1    | Gained mutation: Armour fits poorly on your strangely shaped body. [an orb of fire]
 75728 | Depths:5 | Lost mutation: Your muscles are strong. (Str +2) [an orb of fire]
 75733 | Depths:5 | Gained mutation: Scrolls take you a little longer to read. [an orb of fire]
 75740 | Depths:5 | Gained mutation: You are weak. (Str -2) [an orb of fire]
 75757 | Depths:5 | Killed an orb of fire
 75823 | Depths:2 | Lost mutation: You are weak. (Str -2) [potion of mutation]
 75823 | Depths:2 | Gained mutation: You are robust (+10% HP). [potion of mutation]
 75823 | Depths:2 | Gained mutation: You are dopey. (Int -2) [potion of mutation]
 76106 | Lair:3   | Gained mutation: You are very dopey. (Int -4) [potion of mutation]
 76106 | Lair:3   | Gained mutation: You have sharp fingernails. [potion of mutation]
 76392 | Slime:2  | Lost mutation: You are robust (+10% HP). [a shining eye]
 76753 | Slime:2  | Gained mutation: You are weak. (Str -2) [a shining eye]
 76756 | Slime:2  | Gained mutation: You occasionally shout uncontrollably at your foes. [a shining eye]
 77162 | Slime:3  | Noticed Dissolution
 77195 | Slime:3  | Killed Dissolution
 77195 | Slime:3  | Reached skill level 15 in Armour
 77520 | Slime:3  | Gained mutation: Scrolls take you longer to read. [a shining eye]
 78565 | Slime:6  | Entered Level 6 of the Pits of Slime
 78739 | Slime:6  | Gained mutation: Scrolls take you much longer to read. [a shining eye]
 78785 | Slime:6  | Gained mutation: Your body sometimes deteriorates upon taking damage. [a shining eye]
 78867 | Slime:6  | Gained mutation: Your magical capacity is low (-10% MP). [a shining eye]
 79014 | Slime:6  | Gained mutation: You are very weak. (Str -4) [a shining eye]
 79037 | Slime:6  | Found a viscous altar of Jiyva.
 79073 | Slime:6  | Noticed the Royal Jelly
 79118 | Slime:5  | HP: 1/159 [acid blob[the Royal Jelly] (16)]
 79118 | Slime:5  | Splashed by an acid blob's acid

Skill      XL: |  1  2  3  4  5  6  7  8  9 10 11 12 13 14 15 16 17 18 19 20 21 22 23 24 25 26 27 |
---------------+----------------------------------------------------------------------------------+-----
Maces & Flails | 3 5 6 8 10 11 12 13 14 15 16 17 18 19 20 | 20.1
Shields        | 4 7 8 9 10 11 12 14 15 | 15.5
Fighting       | 3 5 6 7 9 10 11 13 14 15 16 17 19 20 21 | 21.2
Armour         | 2 4 5 7 13 14 15 | 15.2
Dodging        | 4 5 6 7 9 10 11 | 11.3
Spellcasting   | 3 6 7 8 10 14 18 | 18.8
Invocations    | 6 8 10 11 12 | 12.4
Evocations     | 4 |  4.7
Air Magic      | 4 5 |  5.9
Charms         | 4 6 7 9 |  9.4
Stealth        | 16 | 16.0
Necromancy     | 1 7 9 |  9.6
Translocations | 2 9 |  9.0

Action                   |  1- 3 |  4- 6 |  7- 9 | 10-12 | 13-15 | 16-18 | 19-21 | 22-24 | 25-27 || total
-------------------------+-------+-------+-------+-------+-------+-------+-------+-------+-------++-------
Melee: Mace              |    26 |       |       |   506 |  1565 |       |       |       |       ||  2097
       Bite              |    22 |    51 |   194 |   479 |   931 |   807 |  1015 |  1081 |  2319 ||  6899
       Whip              |    30 |   176 |   497 |   575 |       |       |       |       |       ||  1278
       Spear             |       |       |     5 |       |       |       |       |       |       ||     5
       Eveningstar       |       |       |       |       |   370 |  1402 |  1710 |  1230 |       ||  4712
       Flail             |       |       |       |       |       |    39 |       |       |       ||    39
       Demon whip        |       |       |       |       |       |       |       |   445 |  2142 ||  2587
       Morningstar       |       |       |       |       |       |       |       |       |  1212 ||  1212
Throw: Throwing net      |       |       |     1 |     1 |       |       |       |       |       ||     2
       Javelin           |       |       |       |       |       |     4 |       |       |     1 ||     5
 Cast: Repel Missiles    |       |       |       |       |       |       |       |       |     8 ||     8
       Regeneration      |       |       |       |       |       |       |       |       |    23 ||    23
       Blink             |       |       |       |       |       |       |       |       |     6 ||     6
Invok: Berserk           |     2 |     4 |     5 |    14 |    15 |    12 |       |       |       ||    52
       Trog's Hand       |       |       |       |     1 |     6 |     3 |       |       |       ||    10
       Brothers in Arms  |       |       |       |     4 |     2 |     2 |       |       |       ||     8
       Lesser Servant of |       |       |       |       |       |       |     2 |       |       ||     2
       Major Destruction |       |       |       |       |       |       |     1 |     1 |       ||     2
       Minor Destruction |       |       |       |       |       |       |     1 |       |       ||     1
       Greater Servant o |       |       |       |       |       |       |       |       |     2 ||     2
 Abil: Evoke Berserk Rag |       |       |       |       |       |       |     3 |     4 |       ||     7
Evoke: Wand              |       |       |       |     2 |     1 |     4 |       |       |     2 ||     9
       Rod               |       |       |       |       |     2 |     2 |       |       |       ||     4
       Stone of tremors  |       |       |       |       |       |     2 |       |     1 |       ||     3
       Disc of storms    |       |       |       |       |       |     2 |       |       |       ||     2
       Fan of gales      |       |       |       |       |       |     1 |       |       |       ||     1
  Use: Scroll            |       |       |     8 |    20 |    16 |    12 |     5 |    12 |     7 ||    80
       Potion            |       |       |       |       |       |     4 |     2 |       |     8 ||    14
 Stab: Distracted        |       |       |       |       |       |     1 |       |       |    10 ||    11
       Sleeping          |       |       |       |       |       |       |       |       |    21 ||    21
  Eat: Chunk             |     1 |     6 |    18 |    35 |    55 |    29 |    34 |    21 |    35 ||   234
       Bread ration      |       |     1 |       |       |       |     1 |       |     1 |     2 ||     5
       Beef jerky        |       |       |       |     2 |       |       |     1 |       |     3 ||     6
       Meat ration       |       |       |       |     1 |     1 |     4 |     2 |     1 |     3 ||    12
       Fruit             |       |       |       |       |       |     3 |       |       |     9 ||    12
       Pizza             |       |       |       |       |       |       |     1 |       |       ||     1
       Royal jelly       |       |       |       |       |       |       |       |       |     1 ||     1
Armor: Animal skin       |     9 |    43 |       |       |       |       |       |       |       ||    52
       Ring mail         |       |    11 |    24 |       |       |       |       |       |       ||    35
       Chain mail        |       |       |   130 |   106 |       |       |       |       |       ||   236
       Leather armour    |       |       |       |    26 |       |       |       |       |       ||    26
       Plate armour      |       |       |       |   280 |   676 |   806 |   365 |   580 |   844 ||  3551
Dodge: Dodged            |    31 |   102 |   105 |   207 |   470 |   665 |   460 |   686 |   929 ||  3655
       Deflected         |       |       |       |       |       |       |       |       |    28 ||    28
Block: Buckler           |     1 |    48 |    86 |    23 |       |       |       |       |       ||   158
       Shield            |       |       |    18 |   503 |  1242 |  1524 |  1298 |  1640 |  2577 ||  8802
       Reflection        |       |       |       |       |       |       |       |    16 |    90 ||   106
       Other             |       |       |       |       |       |       |       |       |     7 ||     7
